 Dungeon Crawl Stone Soup version 0.27-a0-61-g21144fbd99 (webtiles) character file.

Game seed: 2628626909320374540

32300 lessens the Brawler (level 13, -2/125 HPs)
             Began as a Palentonga Chaos Knight on Jan 8, 2021.
             Was a Plaything of Xom.
             Slain by a cane toad (8 damage)
             ... on level 1 of the Lair of Beasts.
             The game lasted 00:29:44 (19441 turns).

lessens the Brawler (Palentonga Chaos Knight)      Turns: 19441, Time: 00:29:45

Health: -2/125     AC: 22    Str: 19    XL:     13   Next: 30%
Magic:  14/14      EV: 13    Int: 16    God:    Xom [.....*]
Gold:   2054       SH:  0    Dex: 16    Spells: 12/12 levels left

rFire    + + +     SeeInvis +     - Unarmed
rCold    + . .     Faith    .   (no shield)
rNeg     . . .     Spirit   .   y - +3 leather armour {rF+}
rPois    .         Reflect  .   (helmet restricted)
rElec    +         Harm     .   p - +1 cloak of Delicate Liberty {Rampage rElec}
rCorr    .         Rampage  +   (no gloves)
Will     +....     Clarity  +   (no barding)
Stlth    ++........             (no amulet)
HPRegen  0.30/turn              e - +4 ring of protection
MPRegen  0.14/turn              F - ring of protection from cold

@: lethally poisoned (-2 -> -9), curled up
A: large, antennae 1, hooves 3, rugged brown scales 3, camouflage 1, see
invisible, agile 2, blink, clarity, clever 2, deformed body, fire resistance 2,
high mp 1, strong-willed 1, sense surroundings 1, robust 1, screaming 1, shaggy
fur 1, wild magic 2, evolution 2, roll 1, armoured tail, reflexive curl
a: Rolling Charge, Blink, Renounce Religion


You were on level 1 of the Lair of Beasts.
You worshipped Xom.
You were Xom's teddy bear.
You visited 3 branches of the dungeon, and saw 15 of its levels.

You collected 2320 gold pieces.
You spent 266 gold pieces at shops.

Inventory:

Missiles
 b - 444 stones
 k - 14 boomerangs (quivered)
 s - 6 boomerangs of dispersal
 u - 45 poisoned darts
 C - 10 atropa-tipped darts
Armour
 p - the +1 cloak of Delicate Liberty (worn) {Rampage rElec}
   (You bought it in a shop on level 6 of the Dungeon)

   It insulates you from electricity.
   It bestows one free step when moving towards enemies.
 y - a +3 leather armour of fire resistance (worn)
Jewellery
 a - an uncursed ring of protection from fire
 e - a +4 ring of protection (left hand)
 j - a +6 ring of strength
 F - a ring of protection from cold (right hand)
Wands
 c - a wand of digging (7)
 d - a wand of enslavement (6)
 x - a wand of flame (8)
Scrolls
 l - 6 scrolls of teleportation
 n - 6 scrolls of magic mapping
 o - a scroll of fog
 q - a scroll of enchant armour
 r - 2 scrolls of amnesia
 v - 2 scrolls of enchant weapon
 z - 3 scrolls of remove curse
 A - a scroll of blinking
 B - a scroll of vulnerability
 E - 4 scrolls of identify
Potions
 f - a potion of mutation
 h - 2 potions of attraction
 i - 2 potions of curing
 m - 2 potions of might
 t - 4 potions of cancellation


   Skills:
 - Level 8.0 Fighting
 + Level 5.0 Armour
 - Level 5.5 Dodging
 * Level 18.3 Unarmed Combat
 - Level 3.5 Evocations


You had 12 spell levels left.
You didn't know any spells.
Your spell library contained the following spells:

 Spells                   Type           Power        Failure   Level
 Bolt of Magma            Conj/Fire/Erth 0%           100%        5
 Iskenderun's Battlesphe  Conj           0%           100%        5
 Iron Shot                Conj/Erth      0%           100%        6
 Orb of Destruction       Conj           0%           100%        7
 Spellforged Servitor     Conj/Summ      0%           100%        7


Dungeon Overview and Level Annotations

Branches:
Dungeon (13/15)            Temple (1/1) D:4            Lair (1/6) D:8
    Orc (0/2) D:11         Vaults (0/5) D:13

Altars:
Cheibriados
Elyvilon
Gozag
Makhleb
Ru
Wu Jian
Xom
Zin

Shops:
D:6 [   D:11 (

Annotations:
D:2 1 runed translucent door, Crazy Yiuf


Innate Abilities, Weirdness & Mutations

You are completely covered in rugged brown scales. (AC +3, +7% HP)
You have supernaturally acute eyesight. (SInv)
Armour fits poorly on your strangely shaped body.
You can roll at nearby foes to attack.
You have a long armoured tail.
You curl defensively after being hit.
You have a pair of small antennae on your head.
You have hooves in place of feet.
Your skin changes colour to match your surroundings (Stealth+).
You are very agile. (Dex +4)
You can translocate small distances at will.
You possess an exceptional clarity of mind.
Your mind is very acute. (Int +4)
Your flesh is very heat resistant. (rF++)
You have an increased reservoir of magic. (+10% MP)
You are strong-willed. (Will+)
You passively map a small area around you.
You are robust. (+10% HP)
You occasionally shout uncontrollably at your foes.
You are covered in fur. (AC +1)
Your spells are harder to cast, but more powerful.
You rapidly evolve.


Message History

* * * LOW HITPOINT WARNING * * *
You are poisoned.
The cane toad poisons you!
You hit the cane toad but do no damage. Your kick misses the cane toad.
The cane toad is lightly wounded.
You feel sick. The cane toad stings you!
* * * LOW HITPOINT WARNING * * *
You punch the cane toad!
Your tail-slap misses the cane toad.
The cane toad is heavily wounded.
You feel sick. The cane toad stings you!
* * * LOW HITPOINT WARNING * * *
You barely miss the cane toad. Your kick misses the cane toad.
You tail-slap the cane toad, but do no damage.
The cane toad is heavily wounded.
You feel sick.
You feel better. The cane toad stings you!
* * * LOW HITPOINT WARNING * * *
You are lethally poisoned!
The cane toad poisons you! The cane toad stings you!
You die...

* ###.....##### , , *
#........#.#.# ** ,, ,,, , ,
##......P...## * ,, ,
,............# , , *
.............# #.......##
..............# #........#
..............## ##...(....# ,
............P# #.........# ,
...........@######.........# ,
.............F##.#.##.........#
......#.....##.#...............
#............#.†..÷............
#..............................
.......................#.#.....
........................##.....
...............................
,......................#........


You could see a cane toad.

Vanquished Creatures
  Fannar (D:11)
  2 hydras
  A boulder beetle (D:13)
  5 centaur warriors (D:13)
  4 two-headed ogres
  An unseen horror (D:10)
  A harpy (D:13)
  Pikel (D:4)
  An orc knight (D:13)
  A deep elf mage (D:13)
  A cyclops (D:12)
  2 ugly things
  A black mamba (Lair:1)
  2 manticores
  A gargoyle (D:12)
  Maurice (D:8)
  Psyche (D:8)
  3 centaur zombies (D:12)
  2 cane toads (Lair:1)
  3 komodo dragons (Lair:1)
  4 trolls
  A meliai (D:12)
  4 blink frogs (Lair:1)
  A hornet (D:9)
  Grinder (D:4)
  A shadow (D:11)
  3 wyverns
  11 yaks
  14 humans (D:13)
  Eustachio (D:4)
  A human (shapeshifter) (D:10)
  3 vampire mosquitoes
  Menkaure (D:4)
  3 wargs (D:11)
  A water moccasin (Lair:1)
  Duvessa (D:6)
  7 orc warriors
  3 sky beasts
  3 phantoms
  4 black bears
  2 ice beasts
  5 ogres
  2 eyes of draining
  A hornet zombie (D:8)
  2 necrophages (D:10)
  A boggart (D:8)
  4 wolves (Lair:1)
  9 centaurs
  2 lemures (D:4)
  9 bullfrogs
  2 big kobolds
  Dowan (D:6)
  A wyvern skeleton (D:9)
  10 scorpions
  9 killer bees
  22 wights
  3 howler monkeys
  A bullfrog zombie (D:9)
  7 hounds
  A quasit (D:11)
  5 jellies
  10 orc priests
  A gnoll shaman (D:8)
  3 bullfrog skeletons (D:11)
  2 centaur skeletons
  An iguana (D:10)
  Ijyb (D:5)
  15 orc wizards
  6 worker ants
  A killer bee zombie (D:6)
  A hound zombie (D:7)
  A hound skeleton (D:7)
  A howler monkey skeleton (D:4)
  A worker ant zombie (D:8)
  9 gnolls
  7 adders
  4 shadow imps
  3 white imps
  An ufetubus (D:10)
  An ooze (D:1)
  An adder zombie (D:8)
  An adder skeleton (D:4)
  A worm (D:2)
  A dart slug (D:8)
  2 leopard geckos
  28 orcs
  7 giant cockroaches
  6 hobgoblins
  10 jackals
  6 quokkas
  A ball python (D:4)
  6 bats
  11 frilled lizards
  6 goblins
  A jackal zombie (D:2)
  16 kobolds
  A leopard gecko skeleton (D:4)
  7 rats
383 creatures vanquished.

Vanquished Creatures (collateral kills)
  A centaur skeleton (D:13)
  A human (D:13)
  A vampire mosquito (D:13)
  A water moccasin (D:5)
  An ogre (D:5)
  A centaur (D:11)
  A wight (D:13)
  A bullfrog zombie (D:7)
  2 orc wizards (D:5)
  2 orc priests (D:6)
  A giant cockroach (D:5)
13 creatures vanquished.

Vanquished Creatures (others)
  A centaur (D:5)
  A killer bee (D:7)
  2 wights (D:7)
  A bullfrog zombie (D:13)
  2 fungi (Lair:1)
  A plant (Lair:1)
8 creatures vanquished.

Grand Total: 404 creatures vanquished

Notes
Turn   | Place    | Note
-------+----------+-------------------------------------------
     0 | D:1      | lessens the Palentonga Chaos Knight began the quest for the
                  | Orb.
     0 | D:1      | Reached XP level 1. HP: 20/20 MP: 1/1
    62 | D:1      | XOM: potion effect (invisibility)
    69 | D:1      | XOM: potion effect (invisibility)
   110 | D:1      | XOM: silly message
   152 | D:1      | XOM: 5-stop teleportation journey
   170 | D:1      | Reached XP level 2. HP: 17/27 MP: 2/2
   279 | D:1      | XOM: 2-stop teleportation journey
   587 | D:1      | Reached skill level 4 in Unarmed Combat
  1032 | D:1      | XOM: god gift: scroll labelled PIYBLE BUIDOM {god gift}
  1065 | D:1      | XOM: cloud trail
  1200 | D:2      | Reached XP level 3. HP: 33/33 MP: 3/3
  1430 | D:2      | XOM: god gift: 21 stones
  1672 | D:2      | Reached skill level 5 in Unarmed Combat
  1672 | D:2      | Reached XP level 4. HP: 38/40 MP: 4/4
  1762 | D:2      | XOM: cloud trail
  1917 | D:2      | Found a runed translucent door.
  1918 | D:2      | Noticed Crazy Yiuf
  1944 | D:2      | XOM: 3-stop teleportation journey
  2036 | D:3      | XOM: 5-stop teleportation journey
  2085 | D:3      | Noticed a bullfrog
  2090 | D:3      | XOM: chaos cloud
  2093 | D:3      | Killed a bullfrog
  2094 | D:3      | Reached skill level 6 in Unarmed Combat
  2094 | D:3      | Reached XP level 5. HP: 38/48 MP: 5/5
  2789 | D:3      | XOM: stat loss: -1 Dex (9/10)
  2871 | D:4      | XOM: stealth player
  2886 | D:4      | Reached XP level 6. HP: 28/54 MP: 6/6
  2887 | D:4      | Found a staircase to the Ecumenical Temple.
  2930 | D:3      | XOM: polymorph iguana -> killer bee
  2970 | D:2      | HP: 2/54 [poisoned by a killer bee]
  3285 | D:4      | Reached skill level 7 in Unarmed Combat
  3359 | D:4      | XOM: enchant monster (bad)
  3360 | D:4      | XOM: silly message
  3445 | D:3      | XOM: noise
  3545 | D:4      | XOM: enchant monster (bad)
  3858 | D:4      | Reached skill level 8 in Unarmed Combat
  3934 | D:4      | Noticed Eustachio
  3943 | D:4      | XOM: chaos upgrade
  3953 | D:4      | HP: 1/54 [hound (3)]
  3957 | D:4      | XOM: chaos cloud
  3963 | Temple   | Entered the Ecumenical Temple
  3966 | Temple   | Gained mutation: You curl defensively after being hit.
                  | [Palentonga growth]
  3966 | Temple   | Reached XP level 7. HP: 23/60 MP: 7/7
  4155 | D:4      | XOM: chaos upgrade
  4165 | D:4      | XOM: butterfly on damage
  4169 | D:4      | Killed Eustachio
  4403 | D:4      | XOM: give mutations
  4403 | D:4      | Gained mutation: You occasionally shout uncontrollably at
                  | your foes. [Xom's mischief]
  4661 | D:4      | Noticed Menkaure
  4674 | D:3      | XOM: give mutations
  4674 | D:3      | Gained mutation: You possess an exceptional clarity of
                  | mind. [Xom's mischief]
  4690 | D:4      | XOM: repel stairs
  4692 | D:4      | HP: 1/60 [Menkaure/nerve-wracking pain (9)]
  4707 | D:4      | Killed Menkaure
  4708 | D:4      | Reached skill level 9 in Unarmed Combat
  4795 | D:4      | Noticed Pikel
  4830 | D:4      | Killed Pikel
  4831 | D:4      | Reached skill level 10 in Unarmed Combat
  4831 | D:4      | Reached XP level 8. HP: 38/67 MP: 8/8
  4865 | D:4      | XOM: silly message
  4990 | D:4      | Reached skill level 1 in Dodging
  5012 | D:4      | XOM: god gift: jewelled bone wand {god gift}
  5042 | D:4      | XOM: god gift: orange potion {god gift}
  5283 | D:4      | Noticed Grinder
  5288 | D:4      | XOM: god gift: 25 stones
  5299 | D:4      | Killed Grinder
  5446 | D:4      | XOM: god gift: 665 gold pieces
  5458 | D:4      | XOM: give mutations
  5458 | D:4      | Gained mutation: You are agile. (Dex +2) [Xom's grace]
  5458 | D:4      | Gained mutation: You are very agile. (Dex +4) [Xom's grace]
  5458 | D:4      | Gained mutation: You have an increased reservoir of magic.
                  | (+10% MP) [Xom's grace]
  5458 | D:4      | Gained mutation: You have large cloven feet. [Xom's grace]
  5574 | D:5      | Entered Level 5 of the Dungeon
  5680 | D:5      | Reached skill level 11 in Unarmed Combat
  5685 | D:5      | XOM: divination: detect items
  5759 | D:5      | XOM: cast spell 'Summon Dragon'
  6006 | D:5      | Reached XP level 9. HP: 33/73 MP: 9/9
  6527 | D:5      | XOM: summons 9 friendly demons
  6630 | D:5      | Noticed Ijyb
  6635 | D:5      | Killed Ijyb
  6635 | D:5      | XOM: noise
  6685 | D:6      | Found Toggiorgh's Antique Armour Emporium.
  6687 | D:6      | Bought a dazzling cloak for 266 gold pieces
  6692 | D:6      | Identified the +1 cloak of Delicate Liberty {Rampage rElec}
                  | (You bought it in a shop on level 6 of the Dungeon)
  6706 | D:6      | XOM: enchant monster (good)
  6749 | D:6      | XOM: cast spell 'Call Canine Familiar'
  6776 | D:6      | Reached skill level 12 in Unarmed Combat
  6892 | D:6      | XOM: cloud trail
  7121 | D:6      | XOM: confuse monster(s)
  7123 | D:6      | XOM: enchant monster (good)
  7164 | D:6      | Noticed Duvessa
  7164 | D:6      | Noticed Dowan
  7171 | D:6      | XOM: potion effect (berserk rage)
  7175 | D:6      | Killed Duvessa
  7180 | D:6      | XOM: destruction
  7182 | D:6      | Killed Dowan
  7239 | D:6      | XOM: god gift: leather armour {god gift}
  7459 | D:6      | XOM: give mutations
  7459 | D:6      | Gained mutation: You are somewhat resistant to further
                  | mutation. [Xom's grace]
  7459 | D:6      | Gained mutation: Your system is resistant to poisons.
                  | (rPois) [Xom's grace]
  7459 | D:6      | Gained mutation: Your mind is acute. (Int +2) [Xom's grace]
  7459 | D:6      | Gained mutation: Your flesh is cold resistant. (rC+) [Xom's
                  | grace]
  7469 | D:6      | XOM: god gift: potion of heal wounds
  7478 | D:7      | Found a snail-covered altar of Cheibriados.
  7487 | D:7      | XOM: destruction
  7530 | D:7      | XOM: cast spell 'Monstrous Menagerie'
  7643 | D:7      | Reached skill level 1 in Evocations
  7678 | D:7      | XOM: god gift: 2 atropa-tipped darts
  7843 | D:7      | XOM: divination: magic mapping
  8106 | D:7      | XOM: scenery: 2 doors open, 1 doors close
  8218 | D:7      | XOM: scenery: summon butterflies
  8262 | D:7      | XOM: give mutations
  8262 | D:7      | Gained mutation: Your flesh is heat resistant. (rF+) [Xom's
                  | grace]
  8262 | D:7      | Gained mutation: You have hoof-like feet. [Xom's grace]
  8262 | D:7      | Gained mutation: You expend magic power (3 MP) to
                  | strengthen your wands. [Xom's grace]
  8262 | D:7      | Gained mutation: You have hooves in place of feet. [Xom's
                  | grace]
  8416 | D:7      | Reached skill level 13 in Unarmed Combat
  8530 | D:7      | XOM: divination: detect items
  8562 | D:8      | Found a white marble altar of Elyvilon.
  8565 | D:8      | Found an ornate altar of the Wu Jian Council.
  8566 | D:8      | Found a burning altar of Makhleb.
  8566 | D:8      | Found a sacrificial altar of Ru.
  8579 | D:8      | Reached XP level 10. HP: 45/82 MP: 11/11
  8759 | D:8      | XOM: polymorph worker ant -> dart slug
  8853 | D:8      | Noticed a two-headed ogre
  8857 | D:8      | Killed a two-headed ogre
  8867 | D:8      | XOM: give mutations
  8867 | D:8      | Gained mutation: You can translocate small distances at
                  | will. [Xom's grace]
  8867 | D:8      | Gained mutation: You have a pair of small antennae on your
                  | head. [Xom's grace]
  8991 | D:8      | Found a staircase to the Lair.
  9132 | D:8      | Noticed Psyche
  9135 | D:8      | Killed Psyche
  9159 | D:8      | Noticed Maurice
  9164 | D:8      | Killed Maurice
  9322 | D:8      | XOM: polymorph centaur -> boggart
  9370 | D:8      | XOM: god gift: 807 gold pieces
  9495 | D:8      | Reached skill level 14 in Unarmed Combat
  9536 | D:8      | XOM: draining
  9681 | D:9      | XOM: god gift: scroll labelled LAJU ZAEFIRR {god gift}
  9749 | D:9      | XOM: 1-stop teleportation journey
  9898 | D:9      | XOM: 5-stop teleportation journey
  9975 | D:9      | Found an opulent altar of Gozag.
 10024 | D:9      | XOM: give mutations
 10024 | D:9      | Lost mutation: You have hooves in place of feet. [Xom's
                  | mischief]
 10024 | D:9      | Lost mutation: Your system is resistant to poisons. (rPois)
                  | [Xom's mischief]
 10046 | D:9      | Found a glowing silver altar of Zin.
 10118 | D:9      | Noticed a two-headed ogre
 10126 | D:9      | Killed a two-headed ogre
 10305 | D:9      | XOM is BORED!
 10305 | D:9      | XOM: summons 6 hostile demons
 10343 | D:9      | XOM: 2-stop teleportation journey
 10365 | D:9      | XOM: cloud trail
 10397 | D:9      | XOM: god gift: potion of heal wounds
 10494 | D:9      | XOM: cleaving
 10760 | D:10     | Entered Level 10 of the Dungeon
 10763 | D:10     | XOM: give mutations
 10763 | D:10     | Gained mutation: Your flesh is very heat resistant. (rF++)
                  | [Xom's grace]
 10763 | D:10     | Gained mutation: Your spells are a little harder to cast,
                  | but a little more powerful. [Xom's grace]
 10763 | D:10     | Lost mutation: You are somewhat resistant to further
                  | mutation. [Xom's grace]
 10763 | D:10     | Gained mutation: You evolve. [Xom's grace]
 10763 | D:10     | Gained mutation: Your mind is very acute. (Int +4) [Xom's
                  | grace]
 10779 | D:10     | XOM: god gift: glowing dagger {god gift}
 10807 | D:10     | Reached XP level 11. HP: 83/87 MP: 12/12
 11102 | D:10     | Noticed a two-headed ogre
 11106 | D:10     | Killed a two-headed ogre
 11269 | D:10     | XOM: god gift: 4 atropa-tipped darts
 11301 | D:10     | XOM: give mutations
 11301 | D:10     | Gained mutation: You are strong-willed. (Will+) [Xom's
                  | grace]
 11301 | D:10     | Gained mutation: You have hooves in place of feet. [Xom's
                  | grace]
 11301 | D:10     | Gained mutation: Your skin changes colour to match your
                  | surroundings (Stealth+). [Xom's grace]
 11301 | D:10     | Gained mutation: You are covered in fur. (AC +1) [Xom's
                  | grace]
 11334 | D:10     | XOM: give mutations
 11334 | D:10     | Gained mutation: You rapidly evolve. [Xom's grace]
 11334 | D:10     | Gained mutation: You have a pair of antennae on your head.
                  | [Xom's grace]
 11334 | D:10     | Gained mutation: You are robust. (+10% HP) [Xom's grace]
 11334 | D:10     | Gained mutation: Your spells are harder to cast, but more
                  | powerful. [Xom's grace]
 11446 | D:10     | XOM: 1-stop teleportation journey
 11468 | D:10     | XOM: scenery: create altars
 11522 | D:10     | XOM: enchant monster (good)
 11524 | D:10     | Reached skill level 5 in Dodging
 11524 | D:10     | Reached skill level 15 in Unarmed Combat
 11524 | D:10     | Noticed an unseen horror
 11524 | D:10     | a yak changed into an unseen horror
 11524 | D:10     | XOM: polymorph yak -> unseen horror
 11534 | D:10     | Killed an unseen horror
 11783 | D:10     | XOM: polymorph yak -> shapeshifter
 11792 | D:10     | XOM: scenery: summon butterflies
 11800 | D:10     | XOM: scenery: create altars
 11965 | D:10     | XOM: silly message
 12162 | D:11     | Noticed Fannar
 12173 | D:11     | Found a staircase to the Orcish Mines.
 12173 | D:11     | XOM: 9-stop teleportation journey
 12355 | D:11     | Lost mutation: You expend magic power (3 MP) to strengthen
                  | your wands. [potion of mutation]
 12355 | D:11     | Lost mutation: Your flesh is cold resistant. (rC+) [potion
                  | of mutation]
 12355 | D:11     | Gained mutation: You passively map a small area around you.
                  | [potion of mutation]
 12362 | D:11     | XOM: smoke on damage
 12364 | D:11     | XOM: scenery: create altars
 12365 | D:11     | XOM: 4-stop teleportation journey
 12653 | D:11     | Killed Fannar
 13028 | D:11     | Gained mutation: You are covered in thick fur. (AC +2)
                  | [evolution]
 13091 | D:11     | XOM: repel stairs
 13167 | D:11     | Found Beiweuda's Weapon Boutique.
 13332 | D:11     | Noticed a red ugly thing
 13335 | D:11     | Killed a red ugly thing
 13673 | D:12     | XOM: 1-stop teleportation journey
 13719 | D:12     | Reached skill level 16 in Unarmed Combat
 13719 | D:12     | XOM: polymorph quokka -> bat
 13838 | D:12     | XOM: polymorph soldier ant -> meliai
 13876 | D:11     | XOM: draining
 14174 | D:12     | Reached skill level 5 in Fighting
 14178 | D:12     | XOM: scenery: summon butterflies
 14595 | D:12     | XOM: summons 3 hostile demons
 14597 | D:12     | Reached XP level 12. HP: 95/103 MP: 13/13
 14872 | D:12     | XOM: scenery: 1 doors close
 14873 | D:12     | XOM: summons friendly white imp
 14879 | D:12     | XOM: draining
 15016 | D:12     | XOM: silly message
 15418 | D:12     | XOM: silly message
 15687 | D:13     | Found a gate to the Vaults.
 15687 | D:13     | Noticed a centaur warrior
 15687 | D:13     | Noticed a two-headed ogre
 15688 | D:13     | XOM: summons 2 hostile demons
 15817 | D:13     | XOM: summons 7 hostile demons
 15848 | D:13     | Noticed an eight-headed hydra
 15855 | D:13     | XOM: enchant monster (good)
 15859 | D:13     | XOM: polymorph tengu conjurer -> harpy
 15864 | D:13     | XOM: scenery: summon butterflies
 15884 | D:13     | XOM: summons friendly iron imp
 15885 | D:13     | XOM: scenery: create altars
 15886 | D:13     | XOM: cleaving
 16099 | D:13     | XOM: divination: magic mapping
 16102 | D:13     | Killed an eight-headed hydra
 16106 | D:13     | XOM: blink monster(s)
 16112 | D:13     | Reached skill level 17 in Unarmed Combat
 16194 | D:13     | XOM: chaos upgrade
 16197 | D:13     | Killed a two-headed ogre
 16202 | D:13     | XOM: cleaving
 16208 | D:13     | Noticed a boulder beetle
 16214 | D:13     | XOM: polymorph human -> bullfrog
 16519 | D:13     | XOM: cast spell 'Shadow Creatures'
 16521 | D:13     | Killed a centaur warrior
 16557 | D:13     | XOM: summons 2 hostile demons
 16850 | D:13     | Noticed a centaur warrior
 16856 | D:13     | Killed a centaur warrior
 17001 | D:13     | Noticed a centaur warrior
 17003 | D:13     | Killed a centaur warrior
 17147 | D:13     | XOM: destruction
 17224 | D:13     | XOM: polymorph rust devil -> tormentor
 17405 | D:13     | XOM: cloud trail
 17436 | D:13     | Noticed a centaur warrior
 17440 | D:13     | Killed a centaur warrior
 17441 | D:13     | Reached XP level 13. HP: 103/125 MP: 14/14
 17666 | D:13     | XOM: enchant monster (good)
 17673 | D:13     | XOM: summons friendly hellwing
 17689 | D:13     | Reached skill level 18 in Unarmed Combat
 17716 | D:13     | XOM: scenery: 1 doors close
 17862 | D:13     | XOM: give mutations
 17862 | D:13     | Lost mutation: You have a pair of antennae on your head.
                  | [Xom's mischief]
 17862 | D:13     | Lost mutation: You are covered in thick fur. (AC +2) [Xom's
                  | mischief]
 18443 | D:8      | XOM is BORED!
 18443 | D:8      | XOM: summons 2 hostile demons
 18459 | Lair:1   | Entered Level 1 of the Lair of Beasts
 18483 | Lair:1   | XOM: 2-stop teleportation journey
 18730 | Lair:1   | XOM: god gift: 35 gold pieces
 18948 | Lair:1   | XOM: divination: magic mapping
 18978 | Lair:1   | XOM: silly message
 19006 | Lair:1   | XOM: 7-stop teleportation journey
 19354 | Lair:1   | XOM: confuse monster(s)
 19363 | Lair:1   | Reached skill level 5 in Armour
 19441 | Lair:1   | HP: 6/125 [cane toad (17)]
 19441 | Lair:1   | Slain by a cane toad

Illustrated notes

Levels and vault maps discovered:
D:1:      amcnicky_arrival_gap_in_the_tavern_cellar, layout_basic,
          nrook_mini_vaults
D:2:      layout_basic, roderic_serpentine_path, minmay_fractal_squares_5,
          uniq_crazy_yiuf_cottage
D:3:      layout_basic
D:4:      layout_loops_ring, minmay_temple_entry_statues_fountains,
          kennysheep_big_empty_room, uniq_menkaure, uniq_grinder,
          uniq_eustachio, uniq_pikel
D:5:      lemuel_upstairs_altar, layout_basic, lemuel_old_faithful, uniq_ijyb
D:6:      layout_basic, serial_shops, shop, uniq_duvessa
D:7:      layout_gridville, basic_altar
D:8:      layout_basic, grunt_temple_overflow_open, lair_entry_dummy,
          uniq_maurice, uniq_psyche
D:9:      layout_stronghold, pdpol_temple_overflow_zin_treasury_gozag_greed
D:10:     layout_basic
D:11:     layout_loops_cross, minmay_orc_entry_guard_dogs, serial_shops,
          nicolae_shop_statue_plus, uniq_fannar
D:12:     layout_basic, drop_trap
D:13:     layout_loops_corners, david_vaults_3
Temple:   nicolae_temple_elliptical
Lair:1:   layout_hall_layers

Skill      XL: |  1  2  3  4  5  6  7  8  9 10 11 12 13 |
---------------+----------------------------------------+-----
Unarmed Combat | 4 5 6 8 10 11 13 14 16 17 18 | 18.3
Dodging        | 2 4 5 |  5.5
Armour         | 2 3 5 |  5.0
Evocations     | 2 3 |  3.5
Fighting       | 5 8 |  8.0

Action                   |  1- 3 |  4- 6 |  7- 9 | 10-12 | 13-15 || total
-------------------------+-------+-------+-------+-------+-------++-------
Melee: Unarmed           |   131 |   152 |   238 |   628 |   144 ||  1293
       Tailslap          |     6 |    17 |    38 |    93 |    24 ||   178
       Punch             |       |     5 |    10 |    58 |    14 ||    87
       Kick              |       |       |    67 |   228 |    42 ||   337
Throw: Boomerang         |       |       |       |       |     4 ||     4
 Abil: Rolling Charge    |       |       |     3 |    19 |    14 ||    36
       Blink             |       |       |       |       |     2 ||     2
Evoke: Wand              |       |       |     2 |     6 |       ||     8
  Use: Potion            |     2 |     6 |     2 |     5 |     3 ||    18
       Scroll            |       |     1 |    13 |     6 |     2 ||    22
 Stab: Sleeping          |     1 |     1 |       |     2 |       ||     4
       Invisible         |       |       |     1 |       |       ||     1
       Paralysed         |       |       |     2 |       |       ||     2
       Confused          |       |       |     1 |       |       ||     1
       Petrified         |       |       |       |     4 |       ||     4
       Distracted        |       |       |       |     1 |     1 ||     2
Armor: Leather armour    |    48 |    71 |    95 |   204 |    32 ||   450
       Skin              |    16 |       |       |       |    13 ||    29
Dodge: Dodged            |    54 |    65 |    86 |   283 |    63 ||   551

Table legend: (Time is in decaauts)
 A = Elapsed time spent in this place.
 B = Non-inter-level travel time spent in this place.
 C = Inter-level travel time spent in this place.
 D = Time resting spent in this place.
 E = Time spent auto-exploring this place.
 F = Levels seen in this place.
 G = Mean time per level.
                   A        B        C        D        E       F      G
               +--------+--------+--------+--------+--------+-----+--------+
         Total |  19145 |  18445 |    700 |   4829 |  10990 |  15 | 1276.3 |
       Dungeon |  17775 |  17076 |    699 |   3762 |  10871 |  13 | 1367.3 |
        Temple |    415 |    415 |      0 |    409 |      0 |   1 |  415.0 |
          Lair |    953 |    953 |      0 |    657 |    119 |   1 |  953.0 |
               +--------+--------+--------+--------+--------+-----+--------+

Top non-repeatable levels by time:
    D:13: 2034 daAuts
    D:12: 2010 daAuts
    D:11: 1711 daAuts
    D:10: 1685 daAuts
     D:3: 1641 daAuts
     D:4: 1190 daAuts
     D:1: 1175 daAuts
     D:9: 1155 daAuts
     D:8: 1114 daAuts
     D:5: 1101 daAuts
     D:2: 1098 daAuts
     D:7: 1062 daAuts
  Lair:1: 953 daAuts
     D:6: 793 daAuts
  Temple: 415 daAuts
